Map: Acropolis LE

Players

daintySPLASH

  • Race: Terran Terran
  • Spawn Location: 5:00

A.I. 1 (Easy) - Winner!

  • Race: Zerg Zerg
  • Spawn Location: 11:00

VOD

Have the link to the VOD?

Description

Time

  • Played on: May 30, 2019, 9:55 p.m.
  • Length: 4:22
Show
View Real Time Build Order
Export as new Build Order

daintySPLASH Terran 

Build Orders:  

Get SALT Encoding   

  12  0:00  SCV  
  13  0:12  SCV  
  14  0:19  Supply Depot  
  14  0:24  SCV  
  15  0:41  SCV  
  15  0:42  Barracks  
  16  0:47  Refinery  
  16  0:53  SCV  
  17  1:01  Barracks  
  17  1:05  SCV  
  18  1:19  Barracks  
  18  1:20  SCV  
  19  1:30  Reaper  
  20  1:36  Orbital Command  
  20  1:43  Refinery  
  20  1:56  Supply Depot  
  20  2:02  Reaper  
  20  2:06  SCV  
  22  2:08  Reaper  
  22  2:12  Supply Depot  
  23  2:17  Reaper  
  23  2:18  SCV  
  25  2:30  SCV  
  25  2:36  Reaper  
  27  2:42  Reaper, SCV  
  29  2:52  Reaper  
  29  2:58  Command Center  
  30  3:03  SCV  
  31  3:10  Factory  
  31  3:19  Barracks Tech Lab  
  31  3:21  Barracks Tech Lab  
  31  3:22  SCV  
  32  3:38  SCV  
  33  3:51  Command Center  
  33  3:56  SCV  
  34  4:05  Barracks Reactor  
  34  4:08  SCV  
  35  4:19  Starport  
Show
View Real Time Build Order
Export as new Build Order

A.I. 1 (Easy) Zerg - Winner!

Build Orders: Pool Only 

Get SALT Encoding   

  12  0:00  Drone  
  13  0:12  Overlord  
  13  0:16  Drone  
  14  0:31  Drone  
  14  0:35  Drone  
  16  0:42  Spawning Pool  
  15  0:45  Drone  
  15  0:48  Extractor  
  15  0:51  Drone  
  16  0:58  Overlord  
  16  1:30  Queen  
  16  1:31  Zergling x2  
  19  1:33  Roach Warren  
  19  1:35  Drone  
  19  1:36  Extractor  
  18  1:42  Drone  
  18  1:43  Zergling x2  
  20  1:54  Drone  
  21  2:03  Overlord  
  21  2:14  Drone  
  22  2:25  Drone  
  23  2:35  Drone  
  24  2:38  Roach  
  24  2:40  Drone  
  27  2:44  Drone  
  28  3:00  Roach, Ravager  
Tags
 
Matchup
TvZ
Opening
Pool Only
Spawn Locations
Cross Positions
Add a new tag
Caveats
  • Supply blocks, unpowered buildings, or Contaminate may cause inaccurate times.
  • Supply counts are checked every 10 seconds.